 Dungeon Crawl Stone Soup version 0.27.0 (webtiles) character file.

Game seed: 6810144036100230626

206 shadowrider38 the Chopper (level 5, 0/45 HPs)
             Began as a Minotaur Berserker on July 31, 2021.
             Was a Believer of Trog.
             Slain by an orc (7 damage)
             ... on level 3 of the Dungeon.
             The game lasted 00:04:30 (3165 turns).

shadowrider38 the Chopper (Minotaur Berserker)      Turns: 3165, Time: 00:04:32

Health: 0/45       AC:  4    Str: 23    XL:     5   Next: 53%
Magic:  4/4        EV: 11    Int:  4    God:    Trog [**....]
Gold:   105        SH:  0    Dex:  9    Spells: 4/4 levels left

rFire    . . .     SeeInvis .   a - +0 hand axe
rCold    . . .     Faith    .   (no shield)
rNeg     . . .     Spirit   .   c - +0 leather armour
rPois    .         Reflect  .   (helmet restricted)
rElec    .         Harm     .   (no cloak)
rCorr    .         Rampage  .   g - +0 pair of gloves
Will     .....                  (no boots)
Stlth    ..........             (no amulet)
HPRegen  0.15/turn              (no ring)
MPRegen  0.09/turn              (no ring)

@: confused
A: horns 2, retaliatory headbutt
a: Renounce Religion, Berserk, Trog's Hand


You were on level 3 of the Dungeon.
You worshipped Trog.
Trog was pleased with you.
You visited 1 branch of the dungeon, and saw 3 of its levels.

You collected 105 gold pieces.

Inventory:

Hand Weapons
 a - a +0 hand axe (weapon)
Armour
 c - a +0 leather armour (worn)
 g - a +0 pair of gloves (worn)
Jewellery
 h - a ring of willpower
Scrolls
 b - a scroll of identify {unknown}
 d - a scroll of teleportation {unknown}
 e - a scroll of brand weapon {unknown}
 f - a scroll of enchant armour {unknown}


   Skills:
 - Level 3.6 Fighting
 + Level 7.6 Axes
 - Level 2.4 Armour
 - Level 2.1 Dodging


You had 4 spell levels left.
You didn't know any spells.
Your spell library was empty.

Dungeon Overview and Level Annotations

Branches:
Dungeon (3/15)

Altars:

Annotations:
D:2 1 runed translucent door, Crazy Yiuf


Innate Abilities, Weirdness & Mutations

You have a pair of horns on your head.
You reflexively headbutt those who attack you in melee.


Message History

Your headbutt misses the orc wizard.
The orc wizard is almost dead.
You miss the orc. Your headbutt misses the orc.
You feel less confused.
You hit the orc.
The orc is severely wounded.
The orc hits you with a +0 whip.
The orc wizard gestures wildly while chanting.
The orc wizard flickers and vanishes!
Deactivating autopickup; reactivate with Ctrl-A.
You hit the orc. Your headbutt misses the orc.
The orc is severely wounded.
The orc hits you with a +0 whip.
You closely miss the orc.
The orc is severely wounded.
The orc misses you.
Things that are here:
a +0 hand axe; a +0 leather armour; an orc corpse
Things that are here:
a +0 mace; a +0 leather armour You are confused.
A puff of flame appears from out of thin air!
The puff of flame hits you. The orc hits you with a +0 whip.
You bump into the rock wall.
The orc closely misses you. The orc hits you with a +0 whip.
You hear some strange, mumbled words.
You are more confused.
The orc hits you with a +0 whip.
You bump into the rock wall.
Something hits you. Something hits you. The orc hits you with a +0 whip.
* * * LOW HITPOINT WARNING * * *
The orc closely misses you.
You bump into the rock wall.
You hear some strange, mumbled words.
A magic dart appears from out of thin air!
The magic dart hits you.
* * * LOW HITPOINT WARNING * * *
The orc hits you but does no damage.
The orc hits you with a +2 flail of protection!
You die...

###############
###......@......#
#..
#....)..o{o.....##
#.#
#.#<######.......#
#.# # #.#
#........# #.# #.#
#........#######.#
#.#
##.##..........##.#
#.#
#...#....#####.##o#
#.. ...#.......#
#.##.#
######.........#
#.##.#


You could see 2 orcs.

Vanquished Creatures
  An iguana (D:2)
  Natasha (thrice) (D:2)
  An adder (D:2)
  3 gnolls
  A worm (D:2)
  A dart slug (D:1)
  2 orcs (D:3)
  6 ball pythons
  5 endoplasms
  2 giant cockroaches
  2 hobgoblins
  12 jackals
  5 kobolds
  3 quokkas
  5 bats (D:1)
  2 frilled lizards (D:1)
  3 goblins
  4 rats
61 creatures vanquished.

Vanquished Creatures (others)
  2 fungi (D:2)
2 creatures vanquished.

Grand Total: 63 creatures vanquished

Notes
Turn   | Place    | Note
-------+----------+-------------------------------------------
     0 | D:1      | shadowrider38 the Minotaur Berserker began the quest for
                  | the Orb.
     0 | D:1      | Reached XP level 1. HP: 19/19 MP: 0/0
    69 | D:1      | Reached skill level 4 in Axes
   165 | D:1      | Reached XP level 2. HP: 26/26 MP: 1/1
   178 | D:1      | Reached ** piety under Trog
   179 | D:1      | Reached skill level 5 in Axes
   227 | D:1      | Reached XP level 3. HP: 15/31 MP: 2/2
  1491 | D:2      | Found a faded altar of an unknown god.
  1706 | D:2      | Noticed Natasha
  1714 | D:2      | Killed Natasha
  1715 | D:2      | Reached skill level 6 in Axes
  1715 | D:2      | Reached XP level 4. HP: 39/39 MP: 3/3
  1733 | D:2      | Noticed Natasha
  1867 | D:2      | Killed Natasha
  2055 | D:2      | Reached skill level 7 in Axes
  2055 | D:2      | Reached XP level 5. HP: 21/45 MP: 4/4
  2398 | D:2      | Noticed Natasha
  2406 | D:2      | Killed Natasha
  2693 | D:2      | Found a runed translucent door.
  2694 | D:2      | Noticed Crazy Yiuf
  3165 | D:3      | Slain by an orc

Illustrated notes

Levels and vault maps discovered:
D:1:      onia_arrival_pentagram, layout_basic
D:2:      layout_loops_corners, ebering_ecumenical_altar_hall,
          minmay_tree_intersection, uniq_crazy_yiuf_cottage, uniq_natasha
D:3:      layout_loops_ring

Skill      XL: |  1  2  3  4 |
---------------+-------------+-----
Axes           | 4 5 6 7 |  7.6
Fighting       | |  3.6
Armour         | |  2.4
Dodging        | |  2.1

Action                   |  1- 3 |  4- 6 || total
-------------------------+-------+-------++-------
Melee: Hand axe          |    83 |    56 ||   139
       Headbutt          |    13 |     9 ||    22
Invok: Berserk           |     1 |     2 ||     3
Armor: Leather armour    |    27 |     7 ||    34
Dodge: Dodged            |    58 |    37 ||    95
